AoeStats
← 啊超

African Clearing

505241887Analyzed
4v4 RM · 23d ago on Sep 8, 2026· 26m 3s· 8 players
Game mode
Random Map
Map size
Large (8 player)
Population
200
Speed
Normal
Resources
Standard
Victory
Conquest
Starting age
Dark Age
Ending age
Imperial Age
RankedLock teamsTeams togetherTeam positionsShared explorationLock speedFull tech treeHidden civsTurbo modeCheats
Victory
Defeat
🇨🇳 Malians · China
1250
+11
🇨🇳 Spanish · China
1213
+11
🇨🇳 Berbers · China
1037
+18
🇨🇳 Byzantines · China
966
+66
🇺🇸 Cumans · United States
1114
-16
🇩🇪 Bohemians · Germany
1098
-15
🇨🇳 Franks · China
1097
-15
🇬🇧 Huns · United Kingdom
1068
-14
X Saint
13:11 Feudal Age
17:29 Loom
23:17 Castle Age
kuro3bb
4:42 Loom
14:28 Feudal Age
17:46 Double-Bit Axe
19:25 Wheelbarrow
19:19 Horse Collar
24:55 Castle Age
26:24 Bow Saw
26:19 Heavy Plow
高大爷
14:55 Feudal Age
16:52 Man-at-Arms
24:39 Castle Age
24:28 Double-Bit Axe
Peacemaker89
9:09 Loom
18:36 Feudal Age
26:01 Castle Age
24:00 Fletching
24:59 Forging
25:32 Double-Bit Axe
啊超
5:34 Loom
15:42 Feudal Age
zdbkyoy
8:20 Loom
8:35 Loom
13:34 Feudal Age
18:30 Wheelbarrow
18:15 Town Watch
19:12 Horse Collar
21:31 Double-Bit Axe
24:04 Castle Age
26:02 Fletching
北部玄驹!
4:14 Loom
14:29 Feudal Age
15:06 Double-Bit Axe
16:17 Wheelbarrow
17:57 Horse Collar
26:10 Castle Age
LY
5:56 Loom
13:52 Feudal Age
18:48 Castle Age
17:59 Fletching
20:00 Town Watch
23:57 Gold Mining
25:50 Stone Mining
Connection lost

Rejoining the realm…

Still unreachable

The connection could not be restored.

Session expired

The server has moved on; the page needs a fresh start.